 Dungeon Crawl Stone Soup version 0.19-a0-1268-g6c5d9f8 (webtiles) character file.

158 PurpleRed the Conjurer (level 5, -5/28 HPs)
             Began as a Deep Elf Conjurer on Aug 29, 2016.
             Slain by Edmund
             ... wielding a +4 dire flail of crushing
              (13 damage)
             ... on level 4 of the Dungeon.
             The game lasted 00:11:22 (803 turns).

PurpleRed the Conjurer (Deep Elf Conjurer)           Turns: 803, Time: 00:11:24

Health: -5/28      AC:  5    Str:  5    XL:     5   Next: 16%
Magic:  1/14       EV: 13    Int: 21    God:
Gold:   118        SH:  0    Dex: 15    Spells: 4 memorised, 2 levels left

rFire  . . .     SeeInvis .     e - +0 dagger
rCold  . . .     Gourm    .     a - +0 robe
rNeg   . . .     Faith    .     (no shield)
rPois  +         Spirit   .     (no helmet)
rElec  .         Dismiss  .     y - +1 cloak
rCorr  .         Reflect  .     i - +0 pair of gloves
MR     .....     Harm     .     (no boots)
Stlth  ++........               (no amulet)
                                u - ring of poison resistance
                                n - +1 ring of slaying

@: no status effects
A: no striking features
a: no special abilities


You were on level 4 of the Dungeon.
You were not hungry.

You visited 1 branch of the dungeon, and saw 5 of its levels.

You collected 118 gold pieces.

Inventory:

Hand Weapons
 e - a +0 dagger (weapon)
Armour
 a - a +0 robe (worn)
 i - a +0 pair of gloves (worn)
 y - a +1 cloak (worn)
Jewellery
 n - a +1 ring of slaying (left hand)
 q - an uncursed ring of flight
 u - a ring of poison resistance (right hand)
Potions
 d - a potion of flight {unknown}
 f - 3 potions of agility
 g - a potion of heal wounds
 m - a potion of brilliance
 t - a potion of might {unknown}
 v - a potion of curing {unknown}
 x - a potion of mutation {unknown}
Books
 b - a book of Conjurations

   Spells                             Type                      Level
   a - Magic Dart                     Conjuration                  1
   b - Searing Ray                    Conjuration                  2
   c - Dazzling Spray                 Conjuration/Hexes            3
   d - Fulminant Prism                Conjuration/Hexes            4
   e - Iskenderun's Mystic Blast      Conjuration                  4
   f - Iskenderun's Battlesphere      Conjuration/Charms           5
Comestibles
 c - 3 bread rations
 s - 3 meat rations


   Skills:
 - Level 2.4 Dodging
 - Level 2.4 Stealth
 + Level 5.1 Spellcasting
 * Level 6.1 Conjurations
 + Level 0.4 Charms


You had 2 spell levels left.
You knew the following spells:

 Your Spells              Type           Power        Failure   Level  Hunger
a - Magic Dart            Conj           ####         1%          1    None
b - Searing Ray           Conj           ####..       1%          2    None
c - Iskenderun's Mystic   Conj           ####....     12%         4    ####...
d - Iskenderun's Battles  Conj/Chrm      ###.....     78%         5    #####..


Dungeon Overview and Level Annotations

Branches:
Dungeon (5/15)
 Temple: D:4-7

Altars:
Cheibriados
Gozag
Xom
Zin

Annotations:
D:4 Edmund


Message History

Edmund completely misses you.
The searing ray hits Edmund.
Edmund is almost dead.
Edmund barely misses you.
The searing ray misses Edmund.
Edmund barely misses you.
The searing ray hits Edmund.
Edmund is almost dead.
You finish channeling your searing ray.
Edmund hits you with a dire flail of crushing!
* * * LOW HITPOINT WARNING * * *
Casting: Searing Ray
Confirm with . or Enter, or press ? or * to list all spells.
Aiming: Searing Ray
Press: ? - help, Shift-Dir - straight line, f/p - Edmund
Aim: Edmund, wielding a dire flail of crushing and wearing a chain mail (almost dead)
The searing ray hits Edmund.
Edmund is almost dead.
Edmund whines, "My parents never had time for me!"
Edmund hits you with a dire flail of crushing!
You die...

######### #.......##
#........# ###
#####........###....
...........<........
....#........##..#..
........@@...#.#.#
...#.........#.# #
.............#..##.#
##.................#
#...##...##.......#
#... #...####..####
#.. ##### #.## #.
#.# #. #ยง#


You could see Edmund.

Vanquished Creatures
  An orc wizard (D:3)
  3 gnolls (D:3)
  6 adders
  3 worms (D:2)
  3 dart slugs
  2 giant geckos
  3 orcs
  A ball python (D:2)
  5 bats
  3 jackals (D:2)
  A goblin (D:1)
  2 kobolds
  3 rats
36 creatures vanquished.

Notes
Turn   | Place    | Note
-------+----------+-------------------------------------------
     0 | D:1      | PurpleRed the Deep Elf Conjurer began the quest for the Orb.
     0 | D:1      | Reached XP level 1. HP: 10/10 MP: 6/6
    56 | D:2      | Reached XP level 2. HP: 15/15 MP: 3/8
    60 | D:2      | Learned a level 2 spell: Searing Ray
    62 | D:2      | Found a shimmering altar of Xom.
    67 | D:2      | Noticed an angel
   135 | D:2      | Found a glowing silver altar of Zin.
   146 | D:2      | Reached skill level 5 in Conjurations
   173 | D:2      | Reached XP level 3. HP: 11/19 MP: 0/10
   275 | D:3      | Found a snail-covered altar of Cheibriados.
   294 | D:3      | Found an opulent altar of Gozag.
   311 | D:3      | Reached XP level 4. HP: 11/24 MP: 2/12
   623 | D:3      | Reached skill level 5 in Spellcasting
   623 | D:3      | Reached skill level 6 in Conjurations
   623 | D:3      | Reached XP level 5. HP: 15/28 MP: 6/14
   728 | D:5      | Entered Level 5 of the Dungeon
   752 | D:4      | Learned a level 4 spell: Iskenderun's Mystic Blast
   758 | D:4      | Learned a level 5 spell: Iskenderun's Battlesphere
   790 | D:4      | Noticed Edmund
   803 | D:4      | Slain by Edmund

Vault maps used:
D:1:      zaba_arrival_water
D:2:      grunt_temple_overflow_order_and_chaos_1, minmay_tripent
D:3:      grunt_temple_overflow_lords_of_destruction, lemuel_crystal_altar,
          lemuel_zombie_altar_yredelemnul, first_bread,
          nicolae_gozag_cash_rules_everything_around_me
D:4:      grunt_temple_overflow_opulence, serial_shops,
          nicolae_shop_statue_plus, minmay_misc_feat_square, uniq_edmund

Skill      XL: |  1  2  3  4 |
---------------+-------------+-----
Conjurations   | 5 6 |  6.1
Spellcasting   | 4 5 |  5.1
Dodging        | |  2.4
Stealth        | |  2.4
Charms         | |  0.4

Action                   |  1- 3 |  4- 6 || total
-------------------------+-------+-------++-------
Melee: Dagger            |    20 |     6 ||    26
 Cast: Magic Dart        |    18 |    18 ||    36
       Searing Ray       |     4 |    10 ||    14
  Use: Scroll            |       |    10 ||    10
 Stab: Sleeping          |     2 |     1 ||     3
Armor: Robe              |    10 |     7 ||    17
Dodge: Dodged            |    28 |    22 ||    50
